 Dungeon Crawl Stone Soup version 0.23-a0-386-g9c9d49f (webtiles) character file.

10668 Amnesiac the Markscentaur (level 11, -5/91 HPs)
             Began as a Centaur Hunter on Oct 28, 2018.
             Was a High Priest of Okawaru.
             Slain by an ogre
             ... wielding a +0 giant spiked club
              (12 damage)
             ... on level 10 of the Dungeon on Oct 29, 2018.
             The game lasted 00:36:17 (11684 turns).

Amnesiac the Markscentaur (Centaur Hunter)         Turns: 11684, Time: 00:36:19

Health: -5/91      AC: 12    Str: 15    XL:     11   Next: 39%
Magic:  14/14      EV:  4    Int: 10    God:    Okawaru [*****.]
Gold:   1032       SH:  0    Dex: 13    Spells: 8/10 levels left

rFire    x . .     SeeInvis .   a - +2 shortbow
rCold    . . .     Gourm    .   (shield currently unavailable)
rNeg     + . .     Faith    .   I - +2 chain mail of Zini {rPois rF- rN+ Regen+}
rPois    +         Spirit   .   d - +1 helmet
rElec    .         Reflect  .   j - +0 cloak
rCorr    .         Harm     +   (no gloves)
MR       ++...                  (no barding)
Stlth    ..........             k - amulet of harm
HPRegen  0.65/turn              x - ring of protection from cold
MPRegen  0.14/turn              J - ring "Cuajos" {rPois rC- MR++ Stlth+}

@: very quick
A: large, hooves 3, deformed body, speed 2, tough skin 3
a: Heroism, Finesse, Renounce Religion


You were on level 10 of the Dungeon.
You worshipped Okawaru.
Okawaru was extremely pleased with you.
You were not hungry.

You visited 3 branches of the dungeon, and saw 12 of its levels.

You collected 1032 gold pieces.

Inventory:

Hand Weapons
 a - a +2 shortbow (weapon)
 b - a +2 quick blade
Missiles
 l - 56 poisoned needles
 o - 36 arrows (quivered)
Armour
 d - a +1 helmet (worn)
 j - a +0 cloak (worn)
 I - the +2 chain mail of Zini (worn) {rPois rF- rN+ Regen+}
   (You found it on level 7 of the Dungeon)

   It makes you vulnerable to fire.
   It protects you from poison.
   It protects you from negative energy.
   It increases your rate of regeneration.
Jewellery
 k - an amulet of harm (around neck)
 x - a ring of protection from cold (left hand)
 z - an uncursed ring of flight
 J - the ring "Cuajos" (right hand) {rPois rC- MR++ Stlth+}
   (You found it on level 7 of the Dungeon)

   [ring of stealth]

   It makes you vulnerable to cold.
   It protects you from poison.
   It affects your resistance to hostile enchantments.
   It makes you more stealthy.
Wands
 c - a wand of polymorph (22)
 m - a wand of paralysis (16)
 r - a wand of flame (31)
 B - a wand of iceblast (13)
Scrolls
 i - a scroll of enchant armour {!r}
 n - 3 scrolls of remove curse {!r}
 p - 5 scrolls of identify {!r}
 q - 4 scrolls of teleportation {!r}
 u - a scroll of fear {!r}
 v - 2 scrolls of magic mapping {!r}
 y - a scroll of fog {!r}
 D - 2 scrolls of amnesia {!r}
Potions
 e - a potion of might {!q}
 g - a potion of agility {!q}
 h - 3 potions of curing {!q}
 t - a potion of mutation {!q}
 w - a potion of brilliance {!q}
Comestibles
 f - 17 rations
 s - 2 chunks of flesh


   Skills:
 + Level 6.4 Fighting
 - Level 3.0 Short Blades
 * Level 19.3 Bows
 - Level 1.3 Dodging
 - Level 0.4 Stealth
 + Level 5.0 Invocations


You had 8 spell levels left.
You knew the following spells:

 Your Spells              Type           Power        Failure   Level  Hunger
a - Apportation           Tloc           #.....       100%        1    ##.....
z - Confusing Touch       Hex            #.....       100%        1    ##.....

Your spell library contained the following spells:

 Spells                   Type           Power        Failure   Level  Hunger
 Animate Skeleton         Necr           N/A          100%        1    ##.....
 Summon Small Mammal      Summ           #...         100%        1    ##.....


Dungeon Overview and Level Annotations

Branches:
Dungeon (10/15)            Temple (1/1) D:5            Lair (0/6) D:10
    Orc (1/2) D:10

Altars:
Ashenzari
Cheibriados
Dithmenos
Elyvilon
Fedhas
Gozag
Hepliaklqana
Kikubaaqudgha
Nemelex Xobeh
Okawaru
Qazlal
Sif Muna
Trog
Uskayaw
Vehumet
Wu Jian
Xom
Zin
The Shining One

Shops:
D:8 *


Innate Abilities, Weirdness & Mutations

You have hooves in place of feet.
Armour fits poorly on your strangely shaped body.
You cover ground very quickly.
You have extremely tough skin. (AC +3)


Message History

Firing (i - inventory)
o - 25 arrows (quivered)
Press: ? - help, Shift-Dir - straight line, f - you That would be overly suicidal.
Okay, then.
Firing (i - inventory)
o - 25 arrows (quivered)
Press: ? - help, Shift-Dir - straight line, f - you That would be overly suicidal.
Okay, then.
o - 27 arrows (gained 2)
Things that are here:
a +0 trident; a +0 whip; a +0 leather armour
o - 28 arrows (gained 1)
o - 29 arrows (gained 1)
o - 30 arrows (gained 1)
o - 31 arrows (gained 1)
You see here a +0 giant club.
There is a fountain of clear blue water here.
You see here a trident.
o - 32 arrows (gained 1)
You butcher the orc corpse.
s - 3 chunks of flesh
Things that are here:
a flail; a chain mail; an orc skeleton
Things that are here:
a flail; a chain mail; an orc skeleton Eating one of 3 chunks of flesh.
You eat one of the 3 chunks of flesh.
This raw flesh tastes terrible.
o - 33 arrows (gained 1)
o - 34 arrows (gained 1)
o - 35 arrows (gained 1) Key pressed, stopping explore.
o - 36 arrows (gained 1) Done exploring.
Done exploring.
Done exploring.
Done exploring.
Done exploring.
(D) Dungeon (T) Temple (L) Lair (O) Orcish Mines
Where to? (Enter - D:10 @ (x,y), ? - help)
What level of the Orcish Mines? (default 1, ? - help)
Items here: )) [[ a +0 robe; a +0 plate armour; a +0 dagger; a +0 trident
There is a staircase to the Orcish Mines, spattered with blood here.
You climb downwards.
Welcome back to the Orcish Mines!
An orc and an orc warrior come into view.
The orc warrior shouts!
The orc shouts!
The warg bites you but does no damage.
The ogre hits you with a +0 giant spiked club.
The warg bites you.
The orc warrior hits you with a +0 glaive!
* * * LOW HITPOINT WARNING * * *
There is a staircase back to the Dungeon, spattered with blood here.
The warg bites you.
* * * LOW HITPOINT WARNING * * *
The ogre hits you with a +0 giant spiked club!
* * * LOW HITPOINT WARNING * * *
The warg bites you!
* * * LOW HITPOINT WARNING * * *
The orc warrior hits you with a +0 glaive!
* * * LOW HITPOINT WARNING * * *
You climb upwards.
Welcome back to the Dungeon!
There is a staircase to the Orcish Mines, spattered with blood here.
The ogre hits you with a +0 giant spiked club!
You die...

##......# #...........##[##..###+
........# ###.#######..#.##......
.############## ####.###..###
.....# #.##..## #####.#))####.###
####.###......###....###..##..[..
.#####...##..[#.##.#.##)#.##..)..
......#.#.#......###..#)..##.....
.....##.#.#.#..#.##...(.#.##.....
.)...###.#.##..[@#.#...#..##.....
.....##.##.#..#O>###..#..###.....
.....##.###.#..#oh[...#....#.....
.....##.#.##..##.)#.#.#.#.##.....
.....##...#..#)...##.##.##.#.....
.....###.÷#..#)#.#...###..##÷....
.....#..#.##...#..##......##.....
####.####..##.##.##..##.####.####
# #.##...#..#.....#.#....##.####


You could see a warg, an orc warrior and an ogre.

Vanquished Creatures
  A hydra (D:6)
  Pikel (D:4)
  Maurice (D:9)
  A gargoyle (D:10)
  A komodo dragon (D:10)
  2 trolls (D:10)
  A hippogriff (D:7)
  Sigmund (D:4)
  A wraith (D:7)
  A vampire (D:9)
  A wyvern (D:9)
  2 steam dragons
  5 yaks (D:9)
  Menkaure (D:7)
  2 wargs (D:10)
  A water moccasin (D:8)
  8 orc warriors
  3 ice beasts
  A sky beast (D:10)
  A black bear (D:10)
  3 slaves (D:4)
  5 phantoms
  5 ogres
  4 centaurs
  3 big kobolds (D:9)
  3 bullfrogs
  4 scorpions
  16 killer bees
  3 howler monkeys (D:10)
  4 wights
  4 crimson imps
  2 centaur zombies
  3 hounds
  6 jellies
  13 orc priests
  2 bullfrog skeletons
  Crazy Yiuf (D:2)
  3 iguanas
  11 orc wizards
  Natasha (twice) (D:2)
  4 worker ants
  A hound zombie (D:5)
  A hound skeleton (D:8)
  Robin (D:2)
  A worker ant zombie (D:9)
  7 adders
  4 gnolls
  An ooze (D:4)
  A dart slug (D:2)
  8 leopard geckos
  38 orcs
  5 bats
  4 giant cockroaches
  18 goblins
  10 hobgoblins
  4 jackals (D:8)
  22 kobolds
  7 quokkas
  3 frilled lizards
  A quokka skeleton (D:6)
  4 rats
278 creatures vanquished.

Vanquished Creatures (collateral kills)
  A deep elf mage (D:7)
1 creature vanquished.

Vanquished Creatures (others)
  A slave (D:4)
  A centaur skeleton (D:4)
  An orc (D:4)
  A giant cockroach (D:4)
  2 plants (D:10)
6 creatures vanquished.

Grand Total: 285 creatures vanquished

Notes
Turn   | Place    | Note
-------+----------+-------------------------------------------
     0 | D:1      | Amnesiac the Centaur Hunter began the quest for the Orb.
     0 | D:1      | Reached XP level 1. HP: 17/17 MP: 1/1
    99 | D:1      | Reached XP level 2. HP: 3/24 MP: 2/2
   150 | D:2      | Noticed Robin
   280 | D:1      | Reached skill level 6 in Bows
   371 | D:2      | Reached XP level 3. HP: 22/30 MP: 3/3
   826 | D:2      | Found a runed door.
  1008 | D:2      | Killed Robin
  1008 | D:2      | Reached XP level 4. HP: 31/38 MP: 4/4
  1219 | D:3      | Reached skill level 7 in Bows
  1385 | D:3      | Reached XP level 5. HP: 15/45 MP: 5/5
  1475 | D:3      | Found a shadowy altar of Dithmenos.
  1480 | D:3      | Found a shattered altar of Ashenzari.
  1485 | D:3      | Found an opulent altar of Gozag.
  1563 | D:3      | Reached skill level 8 in Bows
  1994 | D:5      | Entered Level 5 of the Dungeon
  2065 | D:4      | Noticed a slave
  2097 | D:4      | Killed a slave
  2121 | D:4      | Noticed Pikel
  2131 | D:4      | Noticed a slave
  2135 | D:4      | Noticed a slave
  2135 | D:4      | Noticed a slave
  2204 | D:4      | HP: 2/45 [Pikel/+1 whip of flaming (1)]
  2217 | D:4      | Killed Pikel
  2217 | D:4      | Reached skill level 11 in Bows
  2217 | D:4      | Reached XP level 6. HP: 4/51 MP: 6/6
  2217 | D:4      | Reached XP level 7. HP: 4/57 MP: 7/7
  2641 | D:4      | Noticed Sigmund
  2661 | D:4      | Killed Sigmund
  2728 | D:4      | Noticed Edmund
  2730 | D:4      | Noticed Edmund
  2730 | D:4      | Edmund changed into Edmund the naga
  2732 | D:4      | Noticed Edmund
  2732 | D:4      | Edmund the naga changed into Edmund the steam dragon
  3039 | D:4      | Killed Edmund the steam dragon
  3039 | D:4      | Reached skill level 12 in Bows
  3039 | D:4      | Reached XP level 8. HP: 25/66 MP: 8/8
  3308 | D:5      | Found a staircase to the Ecumenical Temple.
  3317 | Temple   | Entered the Ecumenical Temple
  3375 | Temple   | Became a worshipper of Warmaster Okawaru
  4175 | D:2      | Noticed Natasha
  4196 | D:2      | Killed Natasha
  4228 | D:2      | Noticed Natasha
  4246 | D:2      | Killed Natasha
  4751 | D:2      | Noticed Crazy Yiuf
  4764 | D:2      | Killed Crazy Yiuf
  5624 | D:5      | Reached skill level 13 in Bows
  5771 | D:6      | Noticed a four-headed hydra
  5799 | D:6      | Killed a four-headed hydra
  5799 | D:6      | Reached * piety under Okawaru
  5799 | D:6      | Reached skill level 14 in Bows
  5799 | D:6      | Reached XP level 9. HP: 41/71 MP: 9/9
  5849 | D:6      | Found a hide-covered altar of Uskayaw.
  5854 | D:6      | Found an ancient bone altar of Kikubaaqudgha.
  5889 | D:6      | Reached skill level 15 in Bows
  5950 | D:6      | Found a shadowy altar of Dithmenos.
  6170 | D:7      | Noticed a deep elf mage
  6187 | D:7      | Killed a deep elf mage
  6187 | D:7      | Reached skill level 16 in Bows
  6236 | D:7      | Reached ** piety under Okawaru
  6375 | D:7      | Noticed a gargoyle
  6471 | D:7      | Got a transparent chain mail
  6561 | D:7      | Reached skill level 17 in Bows
  6725 | D:7      | Got a translucent jade ring
  6746 | D:7      | Identified the ring "Cuajos" {rPois rC- MR++ Stlth+} (You
                  | found it on level 7 of the Dungeon)
  6757 | D:7      | Identified the +2 chain mail of Zini {rPois rF- rN+ Regen+}
                  | (You found it on level 7 of the Dungeon)
  6859 | D:7      | Reached XP level 10. HP: 51/79 MP: 10/10
  6981 | D:7      | Noticed Menkaure
  6994 | D:7      | Killed Menkaure
  7097 | D:7      | Reached *** piety under Okawaru
  7584 | D:8      | Reached skill level 1 in Short Blades
  7620 | D:8      | Found a glowing silver altar of Zin.
  7621 | D:8      | Found Zin's Purification Station.
  7734 | D:8      | Reached skill level 5 in Fighting
  7974 | D:9      | Reached skill level 18 in Bows
  8009 | D:9      | Reached skill level 1 in Invocations
  8045 | D:9      | Reached **** piety under Okawaru
  8348 | D:9      | Noticed Maurice
  8369 | D:9      | Killed Maurice
  9133 | D:10     | Entered Level 10 of the Dungeon
  9182 | D:10     | Reached XP level 11. HP: 51/88 MP: 13/13
  9314 | D:10     | Learned a level 1 spell: Confusing Touch
  9316 | D:10     | Learned a level 1 spell: Apportation
  9550 | D:10     | Found a staircase to the Orcish Mines.
 10064 | D:10     | Reached skill level 19 in Bows
 10083 | D:10     | Reached ***** piety under Okawaru
 10269 | D:10     | Found a staircase to the Lair.
 10552 | Orc:1    | Entered Level 1 of the Orcish Mines
 11439 | D:10     | Reached skill level 5 in Invocations
 11604 | D:10     | Received a gift from Okawaru
 11684 | D:10     | Slain by an ogre

Vault maps used:
D:1:      dpeg_arrival_arbitrary_c, serial_forest, infiniplex_forest_diagonal,
          infiniplex_forest_straight_3, infiniplex_forest_lined_room_3,
          infiniplex_forest_straight_3, infiniplex_forest_straight_3,
          due_unseen_surprise
D:2:      wad_lake_hut, serial_aquarium, aquarium_bridge_long_joined,
          aquarium_bridge_square, aquarium_window_corridor_3, aquarium_window_2,
          aquarium_window_1, aquarium_view_2b, aquarium_balcony_3b,
          minmay_pentomino_s2, uniq_natasha, uniq_robin, uniq_crazy_yiuf_cottage
D:3:      minmay_overflow_temple_star_quad, first_ration
D:4:      st_stairs_14, uniq_edmund, uniq_sigmund, uniq_pikel
D:5:      minmay_temple_entry_hall
D:6:      nicolae_overflow_hidden_temple, grunt_dithmenos_shadows
D:7:      minmay_the_grid_four_pointed_star, kb_rosetta, uniq_menkaure
D:8:      wad_cavern_with_rooms, zin_purify
D:9:      blue_anna_alchemist, eino_jars, uniq_maurice
D:10:     david_lair_shrubbed, erik_orc_3, chequers_hall_statues_y
Temple:   dshaligram_water_room_temple
Orc:1:    nooodl_orcs_dogs

Skill      XL: |  1  2  3  4  5  6  7  8  9 10 11 |
---------------+----------------------------------+-----
Bows           | 6 7 11 12 14 17 18 19 | 19.3
Fighting       | 3 4 5 6 |  6.4
Short Blades   | 3 |  3.0
Invocations    | 3 5 |  5.0
Dodging        | |  1.3
Stealth        | |  0.4

Action                   |  1- 3 |  4- 6 |  7- 9 | 10-12 || total
-------------------------+-------+-------+-------+-------++-------
Melee: Spear             |    45 |       |       |       ||    45
       Kick              |    12 |     4 |    12 |    24 ||    52
       Morningstar       |     6 |    26 |       |       ||    32
       Dire flail        |       |       |    55 |       ||    55
       Shortbow          |       |       |       |     1 ||     1
       Quick blade       |       |       |       |   116 ||   116
 Fire: Shortbow          |   106 |    88 |   286 |   653 ||  1133
       Hunting sling     |       |     7 |       |       ||     7
Throw: Stone             |     7 |       |       |       ||     7
Invok: Heroism           |       |       |       |     4 ||     4
Evoke: Wand              |       |       |     4 |     3 ||     7
  Use: Scroll            |       |       |    14 |     5 ||    19
       Potion            |       |       |     3 |     4 ||     7
  Eat: Chunk             |       |     2 |    11 |    12 ||    25
Armor: Leather armour    |    15 |    35 |    50 |       ||   100
       Chain mail        |       |       |     2 |   130 ||   132
Dodge: Dodged            |    48 |    32 |    50 |    46 ||   176

Table legend:
 A = Non-vault XP
 B = Vault XP
 C = Vault XP percentage of total XP
 D = Non-vault monster count
 E = Vault monster count
 F = Vault count percentage of total count
                 A         B        C        D         E       F
            +---------+---------+-------+---------+---------+-------
      Total |    9687 |    5554 |  36.4 |     209 |      67 |  24.3
            +---------+---------+-------+---------+---------+-------
        D:1 |      39 |       2 |   4.9 |      20 |       1 |   4.8
        D:2 |      91 |     114 |  55.6 |      21 |      14 |  40.0
        D:3 |     308 |       0 |   0.0 |      24 |       0 |   0.0
        D:4 |     180 |    1068 |  85.6 |      10 |       3 |  23.1
        D:5 |     184 |       0 |   0.0 |       5 |       0 |   0.0
        D:6 |    1192 |     120 |   9.1 |       6 |       1 |  14.3
        D:7 |     760 |    2134 |  73.7 |      15 |      19 |  55.9
        D:8 |    1034 |       0 |   0.0 |      22 |       0 |   0.0
        D:9 |    2221 |    1104 |  33.2 |      27 |      11 |  28.9
       D:10 |    2939 |    1012 |  25.6 |      35 |      18 |  34.0
      Orc:1 |     739 |       0 |   0.0 |      24 |       0 |   0.0
            +---------+---------+-------+---------+---------+-------
